 Dungeon Sprint DCSS version 0.28-a0-706-gf6f64a616a (webtiles) character file.

Game seed: 4042181050995657863

46284 mhtbhm the Fencer (level 14, -7/129 HPs)
             Began as a Human Fighter on Oct 24, 2021.
             Was the Champion of Okawaru.
             Killed by divine providence
             ... invoked by a sphinx
              (16 damage)
             ... in the Dungeon (Sprint IX: "|||||||||||||||||||||||||||||").
             The game lasted 00:17:20 (7400 turns).

mhtbhm the Fencer (Human Fighter)                   Turns: 7400, Time: 00:17:21

Health: -7/129     AC: 23    Str: 30    XL:     14   Next: 75%
Magic:  26/26      EV: 14    Int:  9    God:    Okawaru [******]
Gold:   87         SH:  8    Dex: 14    Spells: 13/13 levels left

rFire   . . .      SeeInvis .   a - +6 falchion "Acarineslayer" {drain, *Rage Str+5}
rCold   . . .      Faith    .   c - +0 buckler
rNeg    + + .      Spirit   .   I - +2 chain mail {rPois}
rPois   +          Reflect  .   m - +2 hat
rElec   .          Harm     .   n - +1 cloak
rCorr   .          Rampage  .   v - +0 pair of gloves "Lumeph" {rN++ Str+2}
Will    +....      Rage     20% j - +0 pair of boots
Stlth   .......... NoTele   +   (no amulet)
HPRegen 0.31/turn               o - +3 ring of strength
MPRegen 0.20/turn               G - +4 ring of slaying

@: marked, frozen, on berserk cooldown, slowed, very slow
A: no striking features
a: Renounce Religion, Heroism, Finesse


You were in the Dungeon.
You worshipped Okawaru.
Okawaru was exalted by your worship.
You visited 1 branch You collected 1946 gold pieces.
You spent 1859 gold pieces at shops.

Inventory:

Hand Weapons
 a - the +6 falchion "Acarineslayer" (weapon) {drain, *Rage Str+5}
   (You bought it in a shop in the Dungeon)

   A truly terrible weapon, it drains the life of any living foe it strikes.
   Str:       It affects your strength (+5).
   *Rage:     It berserks you when you make melee attacks (+20% chance).
 d - a +2 scimitar of holy wrath
 l - a +0 scimitar of flaming
Missiles
 p - a throwing net (quivered)
 t - a silver boomerang
 u - 3 boomerangs of dispersal
 H - 5 atropa-tipped darts
Armour
 b - a +1 chain mail of cold resistance
 c - a +0 buckler (worn)
 j - a +0 pair of boots (worn)
 m - a +2 hat (worn)
 n - a +1 cloak (worn)
 v - the +0 pair of gloves "Lumeph" (worn) {rN++ Str+2}
   (Okawaru gifted it to you in the Dungeon)

   Str:       It affects your strength (+2).
   rN:        It greatly protects you from negative energy.
 I - a +2 chain mail of poison resistance (worn)
 L - a +1 tower shield
Jewellery
 o - a +3 ring of strength (left hand)
 E - a ring of protection from cold
 F - a ring of fire
 G - a +4 ring of slaying (right hand)
Scrolls
 g - 3 scrolls of holy word
 k - 2 scrolls of amnesia
 q - 6 scrolls of enchant armour
 r - 2 scrolls of identify
 s - 5 scrolls of fog
 w - 3 scrolls of enchant weapon
 x - a scroll of magic mapping
 D - a scroll of silence
Potions
 e - 3 potions of curing
 h - 4 potions of magic
 i - 3 potions of brilliance
 A - 3 potions of mutation
 B - a potion of berserk rage
 C - 4 potions of resistance


   Skills:
 + Level 17.9 Fighting
 + Level 18.6 Long Blades
 + Level 10.2 Throwing
 + Level 15.8 Armour
 + Level 10.6 Dodging
 - Level 4.4 Stealth
 + Level 15.5 Shields
 * Level 16.5 Invocations
 + Level 4.6 Evocations


You had 13 spell levels left.
You didn't know any spells.
Your spell library was empty.

Dungeon Overview and Level Annotations

Branches:
Dungeon (1/1)

Altars:
Cheibriados
Dithmenos
Elyvilon
Fedhas
Gozag
Hepliaklqana
Kikubaaqudgha
Makhleb
Nemelex Xobeh
Okawaru
Qazlal
Ru
Sif Muna
Trog
Uskayaw
Vehumet
Wu Jian
Xom
Yredelemnul
Zin
The Shining One
Beogh
Jiyva
Lugonu

Shops:
D ?(?


Message History

The ironbound convoker is heavily wounded.
The vault warden activates a sealing rune.
A door slams shut!
You block the ironbound convoker's attack.
You closely miss the ironbound convoker.
The ironbound convoker is heavily wounded.
The vault sentinel blows a loud note on a signal horn!
The ironbound convoker hits you with a +0 dire flail.
* * * LOW HITPOINT WARNING * * *
Unknown command.
You slice the ironbound convoker!!
You kill the ironbound convoker!
Okawaru accepts your kill. The ice encasing you melts away.
The sphinx casts a spell.
You are confused.
The vault sentinel blows a loud note on a signal horn!
Unknown command.
Unknown command.
You feel better.
The sphinx mumbles some strange words.
You feel as though you will be slow longer.
The sphinx casts a spell.
You struggle to resist.
Unknown command.
Unknown command.
You feel better.
The ironbound frostheart calls freezing cold from the walls.
The frost grips you!!
* * * LOW HITPOINT WARNING * * *
You are encased in ice.
The sphinx hits you!
* * * LOW HITPOINT WARNING * * *
You block the sphinx's attack. The sphinx closely misses you.
The vault sentinel blows a loud note on a signal horn!
Unknown command.
You feel better.
The sphinx casts a spell.
Something smites you!
You die...

.▓.▓∩▓.▓)▓.♣)♣.▓
.▓.▓.▓.▓)▓.♣.♣.▓H▓
.▓.▓∩▓.▓(▓.♣[♣.▓p▓
.▓.▓.▓.▓.▓.♣'♣.▓p▓
.▓.▓)▓.▓.▓.▓÷▓.▓p▓
.▓.▓)▓.▓(▓.▓.▓.▓.▓
.▓.▓.▓.▓[▓.▓.▓.▓H▓
'▓.▓)▓.▓.▓.▓.▓.▓H▓
.▓.▓)▓.▓.▓.▓.▓.▓@▓
.▓.▓.▓.▓.▓.▓.▓.▓)▓
.▓.▓.▓.▓.▓.▓.▓.▓)▓
.▓.▓.▓.▓.▓.▓.▓.▓[▓
.▓.▓.▓.▓.▓.▓.▓.▓+▓
.▓.▓.▓.▓)▓.▓†▓)▓.▓
.▓.▓.▓.▓.▓.▓†▓.▓.▓
.▓.▓.▓.▓.▓.▓.▓.▓.▓
.▓.▓)▓.▓.▓.▓.▓.▓.▓


You could see 2 sphinxes, a vault warden, an ironbound frostheart, a vault
sentinel (catching breath) and a harpy.

Vanquished Creatures
  Gastronok (D)
  Frances (D)
  2 frost giants (D)
  2 ironbound preservers (D)
  2 very ugly things (D)
  2 bunyips (D)
  A spark wasp (D)
  An ettin (D)
  5 fire dragons (D)
  3 hydras (D)
  2 ice dragons (D)
  A naga warrior (D)
  An ogre mage (D)
  A spriggan air mage (D)
  A ghost crab (D)
  3 centaur warriors (D)
  3 deep troll earth magi (D)
  A two-headed ogre (D)
  2 tengu warriors (D)
  An orc high priest (D)
  A deep troll shaman (D)
  A spriggan berserker (D)
  A glowing orange brain (D)
  A deep troll (shapeshifter) (D)
  A wizard (D)
  3 orc knights (D)
  2 ironbound convokers (D)
  A mana viper (D)
  A salamander (D)
  A necromancer (D)
  An orb spider (shapeshifter) (D)
  3 cyclopes (D)
  4 orc sorcerers (D)
  A wolf spider (D)
  A manticore (D)
  2 merfolk sirens (D)
  3 black mambas (D)
  2 vault sentinels (D)
  3 naga magi (D)
  2 water nymphs (D)
  3 cane toads (D)
  An efreet (D)
  A komodo dragon (D)
  A rime drake (D)
  A bloated husk (D)
  A kobold demonologist (D)
  A demonic crawler (D)
  3 trolls (D)
  2 jumping spiders (D)
  A merfolk (D)
  2 wind drakes (D)
  A slime creature (D)
  A tarantella (D)
  4 redbacks (D)
  Eustachio (D)
  A basilisk (D)
  6 yaks (D)
  A vampire mosquito (D)
  2 wargs (D)
  An acid dragon (D)
  2 water moccasins (D)
  2 hell hounds (D)
  10 orc warriors (D)
  An ogre (D)
  4 wolves (D)
  A centaur (D)
  3 bullfrogs (D)
  A howler monkey (D)
  2 orc priests (D)
  2 orc wizards (D)
  An adder zombie (D)
  A dart slug (D)
  17 orcs (D)
  A giant cockroach (D)
  A goblin (D)
  2 kobolds (D)
  A jackal skeleton (D)
158 creatures vanquished.

Vanquished Creatures (others)
  A hydra (D)
  A swamp dragon (D)
  2 spriggan druids (D)
  A cyclops (D)
  A manticore (D)
  An orc wizard (D)
7 creatures vanquished.

Grand Total: 165 creatures vanquished

Notes
Turn   | Place    | Note
-------+----------+-------------------------------------------
     0 | D        | mhtbhm the Human Fighter began the quest for the Orb.
     0 | D        | Reached XP level 1. HP: 18/18 MP: 1/1
     8 | D        | Banished a spatial maelstrom
    11 | D        | Reached XP level 2. HP: 23/24 MP: 2/2
    20 | D        | Noticed a water moccasin
    20 | D        | Noticed an ogre
    26 | D        | Killed an ogre
    27 | D        | Reached skill level 5 in Fighting
    27 | D        | Reached skill level 3 in Long Blades
    27 | D        | Reached skill level 5 in Armour
    27 | D        | Reached skill level 5 in Shields
    27 | D        | Reached XP level 3. HP: 33/33 MP: 3/3
    27 | D        | Reached XP level 4. HP: 39/39 MP: 4/4
    30 | D        | Killed a water moccasin
    31 | D        | Reached skill level 5 in Long Blades
    31 | D        | Reached skill level 1 in Dodging
    31 | D        | Reached XP level 5. HP: 47/47 MP: 5/5
    31 | D        | Reached XP level 6. HP: 53/53 MP: 6/6
    78 | D        | Found a snail-covered altar of Cheibriados.
    78 | D        | Found a shadowy altar of Dithmenos.
    78 | D        | Found a white marble altar of Elyvilon.
    78 | D        | Found a blossoming altar of Fedhas.
    78 | D        | Found an opulent altar of Gozag.
    79 | D        | Found a hazy altar of Hepliaklqana.
    80 | D        | Found a viscous altar of Jiyva.
    81 | D        | Found an ancient bone altar of Kikubaaqudgha.
    82 | D        | Found a corrupted altar of Lugonu.
    83 | D        | Found a burning altar of Makhleb.
    84 | D        | Found a sparkling altar of Nemelex Xobeh.
    85 | D        | Found an iron altar of Okawaru.
    86 | D        | Found a stormy altar of Qazlal.
    87 | D        | Found a sacrificial altar of Ru.
    88 | D        | Found a shimmering blue altar of Sif Muna.
    89 | D        | Found a bloodstained altar of Trog.
    90 | D        | Found a hide-covered altar of Uskayaw.
    91 | D        | Found a radiant altar of Vehumet.
    92 | D        | Found an ornate altar of the Wu Jian Council.
    93 | D        | Found a shimmering altar of Xom.
    94 | D        | Found a basalt altar of Yredelemnul.
    97 | D        | Became a worshipper of Warmaster Okawaru
   100 | D        | Found a glowing silver altar of Zin.
   101 | D        | Found a glowing golden altar of the Shining One.
   144 | D        | Noticed a two-headed ogre
   144 | D        | Noticed an acid dragon
   144 | D        | Noticed a troll
   155 | D        | Killed a troll
   155 | D        | Reached * piety under Okawaru
   156 | D        | Reached skill level 6 in Long Blades
   156 | D        | Reached XP level 7. HP: 62/62 MP: 7/7
   163 | D        | Reached skill level 7 in Long Blades
   163 | D        | Reached skill level 1 in Evocations
   167 | D        | Killed an acid dragon
   175 | D        | Killed a two-headed ogre
   175 | D        | Reached ** piety under Okawaru
   175 | D        | Reached *** piety under Okawaru
   176 | D        | Reached skill level 8 in Long Blades
   176 | D        | Reached XP level 8. HP: 17/71 MP: 8/8
   446 | D        | Noticed a kobold demonologist
   446 | D        | Noticed a troll
   446 | D        | Noticed a troll
   446 | D        | Noticed a centaur warrior
   446 | D        | Noticed a manticore
   446 | D        | Noticed a cyclops
   450 | D        | Killed a manticore
   451 | D        | Killed a cyclops
   452 | D        | Reached skill level 9 in Long Blades
   452 | D        | Reached skill level 10 in Shields
   452 | D        | Reached XP level 9. HP: 71/78 MP: 9/9
   462 | D        | Killed a centaur warrior
   462 | D        | Reached **** piety under Okawaru
   463 | D        | Reached skill level 10 in Fighting
   463 | D        | Reached skill level 10 in Long Blades
   463 | D        | Reached skill level 1 in Stealth
   466 | D        | Killed a troll
   467 | D        | Reached skill level 10 in Armour
   471 | D        | Killed a troll
   472 | D        | Reached skill level 11 in Long Blades
   478 | D        | Killed a kobold demonologist
   786 | D        | Noticed a seven-headed hydra
   787 | D        | Noticed a cane toad
   789 | D        | Noticed a six-headed hydra
   793 | D        | Received a gift from Okawaru
   794 | D        | Reached XP level 10. HP: 77/86 MP: 10/10
   941 | D        | Reached skill level 5 in Dodging
   941 | D        | Reached skill level 1 in Invocations
   953 | D        | Killed a cane toad
   955 | D        | Reached skill level 12 in Long Blades
   962 | D        | Reached ***** piety under Okawaru
   995 | D        | HP: 3/88 [15-headed hydra (7)]
  1335 | D        | HP: 3/88 [20-headed hydra (5)]
  1338 | D        | Killed a 19-headed hydra
  1763 | D        | Killed a 14-headed hydra
  1764 | D        | Reached skill level 5 in Invocations
  1906 | D        | Noticed a cane toad
  1906 | D        | Noticed a cane toad
  1907 | D        | Noticed a komodo dragon
  1914 | D        | Noticed a rime drake
  1930 | D        | Killed a cane toad
  1931 | D        | Reached skill level 13 in Long Blades
  1931 | D        | Reached XP level 11. HP: 48/95 MP: 15/15
  2359 | D        | Reached skill level 14 in Long Blades
  2461 | D        | Noticed Eustachio
  2496 | D        | Killed Eustachio
  2496 | D        | Received a gift from Okawaru
  2587 | D        | Reached skill level 1 in Throwing
  2778 | D        | Noticed an orc knight
  2778 | D        | Noticed an orc knight
  2961 | D        | Killed an orc knight
  3220 | D        | Killed an orc knight
  3849 | D        | Found Faoruess's Magic Scroll Boutique.
  3849 | D        | Noticed an orc sorcerer
  3849 | D        | Noticed an orc knight
  3850 | D        | Noticed an orc sorcerer
  3852 | D        | Noticed an orc sorcerer
  3854 | D        | Noticed an orc high priest
  3858 | D        | Killed an orc knight
  3864 | D        | Killed an orc sorcerer
  3878 | D        | Found Agaxty's Distillery.
  3898 | D        | Killed an orc sorcerer
  3904 | D        | Killed an orc sorcerer
  3905 | D        | Reached skill level 15 in Long Blades
  3905 | D        | Reached XP level 12. HP: 27/105 MP: 13/19
  3906 | D        | Found Riwirch's Weapon Boutique.
  3912 | D        | Killed an orc high priest
  3913 | D        | Reached skill level 10 in Invocations
  4204 | D        | Found Cyunod's Magic Scroll Shop.
  4236 | D        | Bought a scroll of holy word for 105 gold pieces
  4236 | D        | Bought a scroll of enchant weapon for 105 gold pieces
  4236 | D        | Bought a scroll of magic mapping for 49 gold pieces
  4243 | D        | Bought the +6 falchion "Acarineslayer" {drain, *Rage Str+5}
                  | for 508 gold pieces
  4246 | D        | Bought a scroll of immolation for 42 gold pieces
  4246 | D        | Bought a scroll of holy word for 90 gold pieces
  4246 | D        | Bought a scroll of fear for 42 gold pieces
  4250 | D        | Bought a potion of mutation for 96 gold pieces
  4250 | D        | Bought a potion of berserk rage for 60 gold pieces
  4250 | D        | Bought a potion of curing for 36 gold pieces
  4250 | D        | Bought a potion of heal wounds for 60 gold pieces
  4250 | D        | Bought a potion of mutation for 96 gold pieces
  4250 | D        | Bought a potion of resistance for 120 gold pieces
  4250 | D        | Bought a potion of resistance for 120 gold pieces
  4250 | D        | Bought 2 potions of heal wounds for 120 gold pieces
  4250 | D        | Bought a potion of curing for 36 gold pieces
  4250 | D        | Bought a potion of heal wounds for 60 gold pieces
  4258 | D        | Bought a scroll of silence for 90 gold pieces
  4258 | D        | Bought a scroll of identify for 24 gold pieces
  4477 | D        | Noticed a centaur warrior
  4477 | D        | Noticed a centaur warrior
  4480 | D        | Killed a centaur warrior
  4484 | D        | Identified the +0 pair of gloves "Lumeph" {rN++ Str+2}
                  | (Okawaru gifted it to you in the Dungeon)
  4484 | D        | Received a gift from Okawaru
  4493 | D        | Noticed an ogre mage
  4495 | D        | Noticed a fire dragon
  4503 | D        | Killed a centaur warrior
  4504 | D        | Noticed a tengu warrior
  4519 | D        | Noticed a tengu warrior
  4527 | D        | Paralysed by something for 7 turns
  4532 | D        | Noticed a deep troll earth mage
  4535 | D        | Killed an ogre mage
  4536 | D        | Reached skill level 5 in Throwing
  4546 | D        | Noticed an ettin
  4559 | D        | Killed a fire dragon
  4567 | D        | Killed a tengu warrior
  4571 | D        | Killed a tengu warrior
  4572 | D        | Reached skill level 15 in Fighting
  4572 | D        | Reached skill level 16 in Long Blades
  4993 | D        | Killed a deep troll earth mage
  5004 | D        | Killed an ettin
  5096 | D        | Reached XP level 13. HP: 116/116 MP: 22/22
  5267 | D        | Noticed Gastronok
  5286 | D        | Killed Gastronok
  5382 | D        | Noticed a naga warrior
  5385 | D        | Identified the +1 ring mail of Cosoel Etu {rElec Dex+4
                  | SInv} (Okawaru gifted it to you in the Dungeon)
  5385 | D        | Received a gift from Okawaru
  5398 | D        | Killed a naga warrior
  5398 | D        | Reached ****** piety under Okawaru
  5850 | D        | Reached skill level 17 in Long Blades
  5988 | D        | Noticed a ghost crab
  5988 | D        | Noticed a bunyip
  5988 | D        | Noticed a seven-headed hydra
  5988 | D        | Noticed a bunyip
  5990 | D        | Noticed a seven-headed hydra
  5996 | D        | Killed a bunyip
  6002 | D        | Killed a seven-headed hydra
  6003 | D        | Killed a ten-headed hydra
  6007 | D        | Killed a bunyip
  6026 | D        | Killed a ghost crab
  6026 | D        | Received a gift from Okawaru
  6385 | D        | Noticed Frances
  6393 | D        | Killed Frances
  6471 | D        | Noticed a spark wasp
  6471 | D        | Noticed an ice dragon
  6471 | D        | Noticed a fire dragon
  6480 | D        | Reached XP level 14. HP: 126/126 MP: 24/24
  6490 | D        | Identified the +0 pair of gloves of the Festooned Kangaroo
                  | {Dex+3} (Okawaru gifted it to you in the Dungeon)
  6490 | D        | Received a gift from Okawaru
  6598 | D        | Killed a spark wasp
  6599 | D        | Reached skill level 15 in Invocations
  6599 | D        | Noticed a frost giant
  6614 | D        | Reached skill level 10 in Dodging
  6614 | D        | Reached skill level 15 in Shields
  6626 | D        | Killed a frost giant
  6636 | D        | Reached skill level 18 in Long Blades
  6636 | D        | Reached skill level 15 in Armour
  6649 | D        | Noticed a cyan very ugly thing
  6652 | D        | HP: 6/128 [spriggan air mage/bolt of lightning (34)]
  6653 | D        | Noticed a brown very ugly thing
  6653 | D        | Noticed a frost giant
  6662 | D        | Killed a cyan very ugly thing
  6706 | D        | Killed a brown very ugly thing
  6898 | D        | Killed a frost giant
  7085 | D        | Reached skill level 10 in Throwing
  7364 | D        | Noticed an ironbound preserver
  7365 | D        | Noticed an ironbound preserver
  7376 | D        | Noticed a sphinx
  7381 | D        | Noticed a sphinx
  7384 | D        | Killed an ironbound preserver
  7386 | D        | Noticed a vault warden
  7386 | D        | Killed an ironbound preserver
  7386 | D        | Received a gift from Okawaru
  7399 | D        | HP: 3/129 [sphinx (17)]
  7400 | D        | Killed from afar by a sphinx

Illustrated notes

Levels and vault maps discovered:
D:        linesprint [early_d, line_temple, items_1, d_10, items_2, lair_1,
          lair_end, items_3, orc_1, orc_end, items_4, d_15, swamp_1, shoals_1,
          snake_1, spider_1, d_20, vaults_1, items_5, swamp_end, shoals_end,
          snake_end, spider_end, vaults_end, d_27, items_6, zot_1, zot_end,
          crypt_end, forest_end, elf_end, slime_end, tomb_end, abyss_end,
          pan_hell_end]

Skill      XL: |  1  2  3  4  5  6  7  8  9 10 11 12 13 14 |
---------------+-------------------------------------------+-----
Fighting       | 5 6 8 9 10 11 13 15 16 17 | 17.9
Long Blades    | 3 5 6 8 9 11 13 15 16 17 18 | 18.6
Armour         | 5 6 7 9 10 11 12 14 15 | 15.8
Shields        | 5 6 8 9 10 11 12 13 14 15 | 15.5
Dodging        | 1 2 3 4 6 8 9 10 | 10.6
Evocations     | 2 4 |  4.6
Stealth        | 4 |  4.4
Invocations    | 6 9 12 14 16 | 16.5
Throwing       | 3 6 9 10 | 10.2

Action                   |  1- 3 |  4- 6 |  7- 9 | 10-12 | 13-15 || total
-------------------------+-------+-------+-------+-------+-------++-------
Melee: Long sword        |    13 |     8 |       |       |       ||    21
       Scimitar          |       |       |    44 |   308 |       ||   352
       Falchion          |       |       |       |    84 |   284 ||   368
Throw: Javelin           |       |       |       |    17 |     8 ||    25
       Boomerang         |       |       |       |    26 |    12 ||    38
Invok: Heroism           |       |       |       |     6 |     2 ||     8
       Finesse           |       |       |       |     4 |     1 ||     5
Evoke: Wand              |       |     3 |     4 |     3 |       ||    10
  Use: Potion            |     1 |     1 |     1 |     5 |    13 ||    21
       Scroll            |       |       |     1 |     2 |     2 ||     5
 Stab: Invisible         |       |       |     7 |       |       ||     7
       Sleeping          |       |       |     1 |       |       ||     1
Armor: Scale mail        |     3 |     3 |     3 |       |       ||     9
       Acid dragon scale |       |       |    13 |    68 |       ||    81
       Chain mail        |       |       |       |    51 |   113 ||   164
Dodge: Dodged            |     1 |     4 |    27 |   168 |   100 ||   300
Block: Buckler           |     5 |     4 |     9 |   102 |    64 ||   184

Table legend: (Time is in decaauts)
 A = Elapsed time spent in this place.
 B = Non-inter-level travel time spent in this place.
 C = Inter-level travel time spent in this place.
 D = Time resting spent in this place.
 E = Time spent auto-exploring this place.
 F = Levels seen in this place.
 G = Mean time per level.
                   A        B        C        D        E       F      G
               +--------+--------+--------+--------+--------+-----+--------+
         Total |   7209 |   7209 |      0 |   3289 |   1977 |   1 | 7209.0 |
       Dungeon |   7209 |   7209 |      0 |   3289 |   1977 |   1 | 7209.0 |
               +--------+--------+--------+--------+--------+-----+--------+

Top non-repeatable levels by time:
       D: 7209 daAuts
